 Dungeon Crawl Stone Soup version 0.28.0 (webtiles) character file.

Game seed: 17716196131138111018

61 oldriver the Skirmisher (level 3, -1/32 HPs)
             Began as a Palentonga Fighter on Feb 4, 2022.
             Succumbed to an adder's poison
             ... on level 2 of the Dungeon.
             The game lasted 00:00:55 (891 turns).

oldriver the Skirmisher (Palentonga Fighter)         Turns: 891, Time: 00:00:55

Health: -1/32      AC:  6    Str: 21    XL:     3   Next: 83%
Magic:  3/3        EV:  7    Int:  8    God:
Gold:   20         SH:  4    Dex:  9    Spells: 2/2 levels left

rFire   . . .      SeeInvis +   g - +3 long sword (holy)
rCold   . . .      Faith    .   c - +0 buckler
rNeg    . . .      Spirit   .   b - +0 scale mail
rPois   .          Reflect  .   (no helmet)
rElec   .          Harm     .   (no cloak)
rCorr   .          Rampage  .   (no gloves)
Will    .....                   (no barding)
Stlth   ..........              (no amulet)
HPRegen 0.10/turn               (no ring)
MPRegen 0.08/turn               (no ring)

@: mighty, lethally poisoned (-1 -> -4)
A: large, rugged brown scales 3, see invisible, deformed body, roll 1, armoured
tail
a: Rolling Charge


You were on level 2 of the Dungeon.
You visited 1 branch of the dungeon, and saw 2 of its levels.

You collected 20 gold pieces.

Inventory:

Hand Weapons
 g - a +3 long sword of holy wrath (weapon)
Armour
 b - a +0 scale mail (worn)
 c - a +0 buckler (worn)
Jewellery
 a - a ring of protection from cold
 i - a +6 ring of dexterity
Scrolls
 e - 2 scrolls of amnesia {unknown}
 f - a scroll of vulnerability {unknown}
 h - a scroll of noise {unknown}
 j - 3 scrolls of identify {unknown}
 k - a scroll of fear {unknown}


   Skills:
 + Level 4.0 Fighting
 + Level 3.2 Long Blades
 - Level 2.4 Armour
 - Level 2.4 Shields


You had 2 spell levels left.
You didn't know any spells.
Your spell library was empty.

Dungeon Overview and Level Annotations

Branches:
Dungeon (2/15)

Altars:
Wu Jian


Innate Abilities, Weirdness & Mutations

You are completely covered in rugged brown scales. (AC +3, +7% HP)
You have supernaturally acute eyesight. (SInv)
Armour fits poorly on your strangely shaped body.
You can roll at nearby foes to attack.
You have a long armoured tail.


Message History

You closely miss the adder.
You feel sick. The adder bites you.
You are more poisoned.
The adder poisons you! The quokka bites you. The adder bites you.
You slash the adder!
You tail-slap the adder, but do no damage.
The adder is almost dead.
You feel very sick. You block the quokka's attack.
The adder bites you but does no damage.
The quokka bites you but does no damage.
Jessica gestures at you while chanting. Pain shoots through your body!
* * * LOW HITPOINT WARNING * * *
You feel very mighty all of a sudden.
* * * LOW HITPOINT WARNING * * *
You feel sick. The adder bites you.
* * * LOW HITPOINT WARNING * * *
The quokka bites you.
* * * LOW HITPOINT WARNING * * *
The adder bites you but does no damage.
You slash Jessica!
You kill Jessica!
* * * LOW HITPOINT WARNING * * *
You feel sick.
The quokka bites you but does no damage.
The adder completely misses you. The quokka barely misses you.
Your Long Blades skill increases to level 3!
You have reached level 3!
Your experience leads to an increase in your attributes!
Increase (S)trength, (I)ntelligence, or (D)exterity?
You feel stronger. x2
You aren't carrying any potions.
Okay, then.
You slice the adder!!
You kill the adder!
* * * LOW HITPOINT WARNING * * *
You feel sick. The quokka closely misses you.
Your Fighting skill increases to level 4!
Unknown command.
You miss the quokka.
You die...

### ####### ....#.....##
......r....## ##
.....$†@....###########.
......).................
............###########.
............# #.
............# ##
..........>.#
...........##
....#.....## ######
#####? ##.....


You could see a quokka.

Vanquished Creatures
  Jessica (D:2)
  An adder (D:2)
  2 dart slugs (D:1)
  A ball python (D:1)
  2 bats
  3 endoplasms
  3 goblins
  3 hobgoblins
  A quokka (D:1)
  4 rats
21 creatures vanquished.

Notes
Turn   | Place    | Note
-------+----------+-------------------------------------------
     0 | D:1      | oldriver the Palentonga Fighter began the quest for the
                  | Orb.
     0 | D:1      | Reached XP level 1. HP: 19/19 MP: 1/1
   183 | D:1      | Reached XP level 2. HP: 25/25 MP: 2/2
   230 | D:1      | Found an ornate altar of the Wu Jian Council.
   435 | D:1      | Found a faded altar of an unknown god.
   884 | D:2      | Noticed Jessica
   889 | D:2      | Killed Jessica
   889 | D:2      | HP: 1/25 [poisoned by an adder]
   890 | D:2      | Reached XP level 3. HP: 2/32 MP: 3/3
   891 | D:2      | Reached skill level 4 in Fighting
   891 | D:2      | Succumbed to an adder's poison

Illustrated notes

Levels and vault maps discovered:
D:1:      sevenhm_arrival_forest_fort_small_6, layout_basic,
          chequers_ecumenical_altar_island
D:2:      layout_rooms, uniq_jessica

Skill      XL: |  1  2  3 |
---------------+----------+-----
Long Blades    | 3 |  3.2
Fighting       | 4 |  4.0
Armour         | |  2.4
Shields        | |  2.4

Action                   || total
-------------------------++-------
Melee: Long sword        ||    43
       Tailslap          ||     5
 Abil: Rolling Charge    ||    11
  Use: Potion            ||     1
Armor: Scale mail        ||    19
Dodge: Dodged            ||     8
Block: Buckler           ||     9
